Map: Turbo Cruise '84 LE

Players

Edson - Winner!

  • Race: Terran Terran
  • League: Diamond
  • Spawn Location: 3:00

DarwinAwdWnr

  • Race: Zerg Zerg
  • League: Platinum
  • Spawn Location: 7:00

VOD

Have the link to the VOD?

Description

Time

  • Played on: June 15, 2019, 1:20 a.m.
  • Length: 22:25
Show
View Real Time Build Order
Export as new Build Order

Edson Terran - Winner!

Build Orders: Reaper Expand 

Get SALT Encoding   

  12  0:00  SCV  
  13  0:13  SCV  
  14  0:18  Supply Depot  
  14  0:25  SCV  
  15  0:40  SCV  
  15  0:42  Barracks  
  16  0:46  Refinery  
  16  0:53  SCV  
  17  1:05  SCV  
  18  1:18  SCV  
  19  1:29  Reaper  
  19  1:30  Orbital Command  
  20  1:42  Command Center  
  20  1:57  SCV, Supply Depot  
  21  2:03  Barracks Reactor  
  21  2:09  SCV  
  22  2:17  Refinery  
  22  2:23  Bunker  
  22  2:25  Factory  
  22  2:26  SCV  
  23  2:38  SCV  
  23  2:41  Marine x2  
  26  2:50  SCV  
  27  3:02  SCV, Marine  
  27  3:03  Marine  
  30  3:07  Orbital Command  
  30  3:16  Starport  
  30  3:17  SCV  
  31  3:24  Supply Depot  
  31  3:26  Supply Depot  
  31  3:29  SCV  
  31  3:33  SCV  
  33  3:36  Hellion  
  33  3:38  Hellion  
  33  3:41  SCV  
  38  3:59  SCV x2, Command Center  
  40  4:03  Refinery  
  40  4:06  Starport Tech Lab  
  40  4:14  Barracks Tech Lab  
  40  4:18  Hellion x2, SCV  
  40  4:19  SCV  
  46  4:28  Fusion Core  
  46  4:30  Viking, SCV  
  49  4:32  SCV  
  50  4:39  Hellion  
  50  4:40  Hellion  
  50  4:43  SCV  
  55  4:50  SCV  
  56  5:00  SCV  
  56  5:06  SCV, Supply Depot  
  58  5:11  Refinery  
  58  5:12  SCV  
  58  5:13  Engineering Bay  
  59  5:15  Battlecruiser  
  59  5:16  Supply Depot  
  59  5:21  SCV  
  66  5:28  Stimpack  
  66  5:30  Barracks, Orbital Command, Factory Tech Lab  
  66  5:38  SCV x2  
  68  5:50  SCV, Barracks  
  68  5:51  Supply Depot  
  68  5:54  Siege Tank  
  68  5:57  SCV x2  
  73  5:59  Terran Infantry Weapons Level 1  
  73  6:02  SCV  
  75  6:06  Marine  
  76  6:24  Marine  
  64  7:08  Marine  
  64  7:09  Marine x2  
  64  7:10  Siege Tank  
  64  7:11  Orbital Command  
  64  7:14  SCV x2  
  72  7:20  Supply Depot x2  
  72  7:21  Engineering Bay, Supply Depot  
  72  7:26  SCV, Marine x2  
  72  7:27  SCV  
  75  7:35  Barracks Reactor  
  75  7:36  Combat Shield  
  74  7:38  SCV  
  74  7:39  SCV  
  70  7:45  Supply Depot  
  70  7:46  SCV  
  70  7:51  SCV x2  
  73  7:53  Supply Depot  
  73  7:54  Terran Infantry Armor Level 1  
  73  7:58  Missile Turret, SCV, Armory  
  74  7:59  Missile Turret  
  74  8:03  SCV x2  
  74  8:04  Infernal Pre-Igniter, Barracks  
  76  8:06  Siege Tank, Starport Reactor  
  76  8:07  Marine x2  
  76  8:08  Marine  
  76  8:10  SCV  
  83  8:12  Command Center  
  83  8:15  SCV  
  83  8:19  Marine x2  
  84  8:21  SCV  
  84  8:22  SCV  
  84  8:25  Marine x3  
  91  8:27  SCV  
  91  8:29  Sensor Tower  
  91  8:33  SCV  
  93  8:35  SCV  
  93  8:37  Marine x2, Supply Depot  
  93  8:39  SCV, Supply Depot  
  97  8:43  Marine x3  
  97  8:45  SCV, Medivac x2  
  97  8:47  SCV  
  106  8:50  Refinery  
  106  8:51  Refinery, SCV  
  106  8:53  Terran Infantry Weapons Level 2  
  106  8:55  Marine x2  
  108  8:57  SCV  
  108  9:02  Supply Depot  
  110  9:04  Supply Depot  
  110  9:08  Concussive Shells, Factory  
  110  9:10  Marine x3  
  110  9:11  Marine  
  114  9:50  SCV x2  
  116  9:59  Siege Tank  
  119  10:02  Medivac x2  
  119  10:04  Factory Reactor  
  119  10:06  SCV  
  124  10:09  Factory  
  124  10:13  Planetary Fortress  
  124  10:16  Supply Depot  
  124  10:18  Marine x2  
  126  10:21  Supply Depot  
  126  10:24  Marine x4  
  130  10:31  Siege Tank  
  133  10:36  Command Center, Marine x2  
  135  10:43  Supply Depot  
  128  10:50  Marine x2  
  128  10:51  Marine x2  
  128  10:53  Medivac  
  128  10:54  Marine x2, Medivac  
  138  11:00  Widow Mine x2  
  138  11:02  Drilling Claws  
  142  11:05  Factory Reactor  
  142  11:06  Barracks, Supply Depot  
  142  11:08  Marine x2, Barracks  
  142  11:11  Terran Infantry Weapons Level 3, Terran Infantry Armor Level 2  
  144  11:13  Terran Vehicle Weapons Level 1  
  144  11:15  Armory  
  144  11:17  Armory  
  144  11:21  Widow Mine x2  
  144  11:22  Marine x4  
  144  11:23  Missile Turret, Medivac  
  154  11:28  Supply Depot  
  154  11:41  Marine x2  
  156  11:52  Supply Depot  
  145  12:12  Orbital Command  
  145  12:16  Command Center  
  145  12:17  Marine, Supply Depot  
  146  12:32  Command Center  
  146  12:40  Marine x5  
  146  12:42  Siege Tank  
  146  12:44  Hellion x4  
  162  13:05  Widow Mine x2, Hellion  
  170  13:06  Widow Mine  
  170  13:10  Marine x2  
  167  13:14  Siege Tank  
  155  13:25  Marine x2  
  155  13:26  Marine  
  148  13:28  Marine  
  136  13:39  Marine  
  136  13:40  Marine  
  128  13:42  Widow Mine x2  
  128  13:43  Widow Mine, Hellion, Marine x3  
  128  13:46  Marine  
  128  13:57  Marine x2  
  128  14:01  Marine x3  
  128  14:04  Marine  
  115  14:15  Marine x2  
  115  14:19  Marine x3  
  115  14:21  Marine  
  118  14:31  Hellion x2  
  118  14:32  Hellion  
  118  14:35  Barracks Reactor x2  
  118  14:37  Marine x3  
  125  14:39  Marine  
  125  14:41  Refinery  
  125  14:42  Refinery  
  128  14:53  Widow Mine, Hellion x2  
  128  14:54  Marine x2  
  128  14:55  Marine  
  128  14:57  Marine  
  136  15:12  Marine x3  
  141  15:14  Widow Mine x2  
  141  15:15  Marine  
  144  15:24  Factory Tech Lab  
  144  15:30  Marine x3  
  144  15:33  Marine  
  150  15:35  Widow Mine  
  150  15:36  Widow Mine  
  150  15:44  Siege Tank  
  150  15:48  Marine x3  
  156  15:51  Marine  
  155  16:06  Marine x3  
  155  16:08  Marine  
  153  16:16  Siege Tank  
  149  16:23  Marine  
  149  16:24  Marine x2  
  149  16:25  Liberator x2  
  138  16:26  Marine  
  119  16:37  Hellion x2  
  123  16:41  Marine x2  
  123  16:42  Marine  
  123  16:44  Marine  
  123  16:45  Planetary Fortress  
  133  16:48  Hellion  
  135  16:55  Terran Infantry Armor Level 3  
  135  16:56  Terran Vehicle Weapons Level 2  
  135  16:58  Terran Ship Weapons Level 1, Terran Vehicle And Ship Armor Level 1  
  135  16:59  Marine x3  
  138  17:02  Marine  
  138  17:08  Liberator x2  
  137  17:09  Barracks  
  137  17:10  Barracks  
  131  17:17  Marine x3  
  131  17:19  Missile Turret, Refinery  
  131  17:20  Marine  
  131  17:21  Refinery, Starport  
  131  17:22  Barracks  
  135  17:23  Missile Turret x2  
  135  17:24  Missile Turret x2  
  141  17:44  Marine x4  
  141  17:50  Sensor Tower  
  145  17:59  Missile Turret x2  
  145  18:02  Missile Turret, Marine x4  
  145  18:03  Command Center  
  149  18:22  Missile Turret  
  149  18:23  Missile Turret  
  149  18:24  Missile Turret  
  149  19:16  Liberator  
  149  19:17  Liberator  
  146  19:29  Marine x4  
  146  19:30  Thor  
  162  19:46  Marine  
  162  19:47  Marine x3  
  151  19:59  Liberator  
  114  20:04  Planetary Fortress, Marine x2  
  114  20:05  Marine x2  
  118  20:08  Command Center  
  118  20:13  Thor  
  124  20:20  Refinery x2  
  121  20:22  Marine x2  
  121  20:23  Marine x2  
  122  20:40  Marine x4  
  118  20:53  Liberator  
  118  20:54  Liberator  
  118  20:56  Thor  
  124  20:58  Marine x4  
  131  21:15  Marine  
  131  21:16  Marine x3  
  135  21:33  Marine x2  
  135  21:34  Marine x2  
  135  21:39  Thor  
  127  21:51  Marine x2  
  127  21:52  Marine x2  
  127  21:53  Medivac  
  127  21:54  Medivac  
  128  22:05  Command Center  
  128  22:08  Barracks  
  128  22:09  Barracks  
  128  22:14  Fusion Core  
Show
View Real Time Build Order
Export as new Build Order

DarwinAwdWnr Zerg 

Build Orders: Hatch First 

Get SALT Encoding   

  12  0:01  Drone  
  13  0:11  Drone  
  14  0:18  Overlord  
  14  0:37  Drone x2  
  16  0:54  Hatchery  
  15  0:57  Drone  
  15  0:58  Drone  
  17  1:07  Extractor  
  17  1:10  Drone x2  
  18  1:23  Spawning Pool  
  17  1:27  Drone  
  18  1:47  Drone x2  
  20  1:57  Overlord  
  20  2:10  Zergling x4  
  20  2:11  Queen x2  
  26  2:15  Metabolic Boost  
  26  2:23  Drone  
  26  2:24  Drone  
  28  2:45  Drone  
  28  2:46  Drone x3, Queen  
  34  2:59  Drone  
  34  3:00  Drone  
  36  3:19  Overlord, Baneling Nest  
  35  3:26  Lair, Hatchery  
  34  3:29  Overlord  
  34  3:30  Drone  
  34  3:32  Drone  
  36  3:37  Drone x2  
  36  3:39  Drone  
  39  3:49  Drone x4  
  43  4:08  Extractor  
  42  4:11  Drone  
  42  4:12  Drone  
  42  4:15  Overlord  
  42  4:16  Overlord  
  44  4:18  Baneling x4  
  44  4:39  Zergling x20  
  44  4:43  Centrifical Hooks  
  54  4:47  Queen  
  56  5:09  Overlord  
  56  5:10  Overlord, Drone  
  56  5:11  Drone x5  
  62  5:17  Overlord  
  62  5:18  Overlord  
  62  5:29  Drone x6  
  68  5:36  Spore Crawler  
  68  5:39  Spine Crawler  
  68  5:41  Drone  
  68  5:42  Overlord x2  
  67  5:47  Extractor  
  66  5:54  Hydralisk Den  
  66  5:56  Baneling  
  65  5:57  Baneling x12  
  65  5:58  Baneling  
  65  6:04  Extractor  
  64  6:21  Zergling x2  
  64  6:22  Zergling x28  
  66  6:56  Queen x2  
  66  6:57  Queen  
  66  7:01  Spore Crawler  
  60  7:14  Spore Crawler  
  56  7:25  Hydralisk  
  56  7:26  Hydralisk x10  
  72  7:32  Queen x3  
  70  7:55  Drone x4  
  70  7:56  Drone x3  
  77  8:07  Evolution Chamber, Muscular Augments  
  77  8:08  Queen x2  
  77  8:10  Evolution Chamber  
  79  8:17  Overlord x2  
  79  8:36  Zerg Missile Weapons Level 1  
  79  8:37  Zerg Ground Armor Level 1  
  79  8:48  Extractor  
  79  8:50  Extractor  
  77  8:58  Hydralisk x5  
  77  9:01  Zergling x12  
  77  9:02  Zergling x10  
  98  9:06  Hatchery  
  97  9:26  Grooved Spines  
  97  9:27  Overlord x2  
  97  9:35  Drone x3  
  97  9:36  Drone x4  
  104  9:47  Baneling  
  104  9:48  Baneling x6  
  104  9:49  Baneling x8  
  104  9:50  Baneling  
  104  9:51  Zergling x8  
  104  9:52  Zergling x2  
  109  10:28  Hydralisk x4  
  109  10:29  Hydralisk x5  
  109  10:31  Overlord x2  
  127  11:08  Zerg Ground Armor Level 2, Zerg Missile Weapons Level 2  
  127  11:14  Infestation Pit  
  126  11:29  Overlord  
  126  11:30  Overlord x2  
  126  11:31  Hydralisk x9  
  144  11:53  Lurker Den  
  134  12:12  Zergling x2  
  134  12:13  Zergling x34  
  134  12:14  Overlord x2  
  152  12:31  Spine Crawler  
  152  12:34  Hive  
  147  13:01  Zergling x6  
  147  13:02  Zergling x16  
  64  14:21  Hydralisk  
  64  14:22  Hydralisk x10  
  64  14:23  Hydralisk x4  
  87  14:39  Zerg Ground Armor Level 3, Zerg Missile Weapons Level 3  
  87  14:42  Adaptive Talons  
  87  14:44  Hydralisk x3  
  93  14:53  Lurker x2  
  93  14:54  Lurker  
  96  15:01  Hatchery  
  95  15:26  Hydralisk  
  95  15:27  Hydralisk x6  
  109  15:29  Zergling x2  
  109  15:30  Zergling x16  
  109  15:33  Zergling x2  
  109  15:34  Zergling x6  
  96  16:23  Drone x10  
  96  16:24  Drone x3  
  95  16:40  Lurker  
  88  16:49  Overseer  
  88  16:50  Overseer  
  88  16:55  Lurker x2  
  88  16:56  Lurker  
  88  16:57  Lurker x2  
  88  16:58  Lurker  
  94  17:04  Zergling x8  
  98  17:16  Hatchery  
  97  17:36  Zergling x2  
  97  17:37  Overlord x5  
  98  17:44  Overseer  
  98  17:58  Baneling x10  
  67  20:30  Spire  
  63  20:55  Queen x2  
  30  21:45  Mutalisk  
  30  21:46  Mutalisk x2  
Tags
 
Add a new tag
Caveats
  • Supply blocks, unpowered buildings, or Contaminate may cause inaccurate times.
  • Supply counts are checked every 10 seconds.